 Dungeon Crawl Stone Soup version 0.20.1-1-g8b1a95d (webtiles) character file.

74 StormFighter the Ruffian (level 4, 0/35 HPs)
             Began as a Draconian Transmuter on July 10, 2017.
             Succumbed to an adder's poison
             ... on level 2 of the Dungeon.
             The game lasted 00:02:48 (1052 turns).

StormFighter the Ruffian (Draconian Transmuter)     Turns: 1052, Time: 00:02:49

Health: 0/35       AC:  5    Str: 13    XL:     4   Next: 9%
Magic:  4/7        EV: 12    Int: 14    God:
Gold:   103        SH:  0    Dex: 11    Spells: 1/7 levels left

rFire    . . .     SeeInvis .     - Unarmed
rCold    . . .     Gourm    .   (no shield)
rNeg     . . .     Faith    .   (armour unavailable)
rPois    .         Spirit   .   (helmet restricted)
rElec    .         Reflect  .   (no cloak)
rCorr    .         Harm     .   (no gloves)
MR       .....                  (no boots)
Stlth    +.........             (no amulet)
Regen    0.2/turn               (no ring)
MPRegen  0.1/turn               (no ring)

@: lethally poisoned (0 -> -7), berserk cooldown, slowed, very slow
A: unfitting armour, cold-blooded, AC +5
a: no special abilities


You were on level 2 of the Dungeon.
You were hungry.

You visited 1 branch of the dungeon, and saw 2 of its levels.

You collected 103 gold pieces.

Inventory:

Missiles
 a - 9 arrows
Scrolls
 d - 3 scrolls of remove curse {unknown}
 f - a scroll of enchant armour {unknown}
 g - a scroll of immolation {unknown}
 m - a scroll of magic mapping {unknown}
Potions
 e - a potion of mutation {unknown}
 h - a potion of invisibility {unknown}
 i - a potion of might {unknown}
 j - a potion of heal wounds {unknown}
 n - a potion of degeneration {unknown}
Books
 b - a book of Changes

   Spells                             Type                      Level
   a - Beastly Appendage              Transmutation                1
   b - Sticks to Snakes               Transmutation                2
   c - Spider Form                    Transmutation/Poison         3
   d - Ice Form                       Ice/Transmutation            4
   e - Blade Hands                    Transmutation                5
Comestibles
 c - 2 bread rations
 k - a meat ration


   Skills:
 - Level 1.1 Fighting
 - Level 1.7 Dodging
 + Level 5.0 Unarmed Combat
 - Level 2.0 Spellcasting
 - Level 2.0 Transmutations


You had one spell level left.
You knew the following spells:

 Your Spells              Type           Power        Failure   Level  Hunger
a - Beastly Appendage     Tmut           #.....       11%         1    ##.....
b - Sticks to Snakes      Tmut           #.......     16%         2    ###....
c - Spider Form           Tmut/Pois      #.........   43%         3    ####...


Dungeon Overview and Level Annotations

Branches:
Dungeon (2/15)

Altars:
Nemelex Xobeh


Innate Abilities, Weirdness & Mutations

Your plain brown scales are hard. (AC +5)
You cannot fit into any form of body armour.
You are cold-blooded and may be slowed by cold attacks.


Message History

The adder bites you.
* * * LOW HITPOINT WARNING * * *
You are more poisoned.
The adder poisons you!
You hit the adder.
You kill the adder!
Your Unarmed Combat skill increases to level 5!
You have reached level 4!
You feel stronger.
You are too berserk!
* * * LOW HITPOINT WARNING * * *
You feel sick.
You feel a strong urge to attack something.
* * * LOW HITPOINT WARNING * * *
You feel sick.
Your magical contamination has completely faded away.
You feel your anger subside.
You are no longer berserk.
You are exhausted.
You feel yourself slow down.
You die...

#.#####
#.####...#####..#
#.....# #.#
###...#.>.##
#####.# #.#
###.#.### #.#
#.### #...# #.#
#...# ##.## #.#
###.# #.# #.# #.#
##.# #.# #.# #..#
#.# #@# #†##
#####.# #.# #.#
......# #.## #.#
#######
#..#####.#
##.#.....#
#.#.##### #.#.#
#############.#.#
#.............#.#


There were no monsters in sight!

Vanquished Creatures
  An adder (D:2)
  An ooze (D:2)
  A worm (D:2)
  2 dart slugs
  A leopard gecko (D:1)
  4 bats
  4 giant cockroaches
  A goblin (D:2)
  3 hobgoblins (D:1)
  7 jackals
  A quokka (D:2)
  A frilled lizard (D:2)
  6 kobolds
  6 rats
39 creatures vanquished.

Vanquished Creatures (collateral kills)
  Jessica (D:2)
1 creature vanquished.

Grand Total: 40 creatures vanquished

Notes
Turn   | Place    | Note
-------+----------+-------------------------------------------
     0 | D:1      | StormFighter the Draconian Transmuter began the quest for the Orb.
     0 | D:1      | Reached XP level 1. HP: 16/16 MP: 3/3
   109 | D:1      | Reached XP level 2. HP: 20/23 MP: 5/5
   286 | D:1      | Reached skill level 4 in Unarmed Combat
   469 | D:2      | Noticed Jessica
   484 | D:2      | Reached XP level 3. HP: 22/28 MP: 4/6
   497 | D:1      | Learned a level 2 spell: Sticks to Snakes
   501 | D:1      | Learned a level 3 spell: Spider Form
   506 | D:2      | Killed Jessica
   652 | D:2      | Found a sparkling altar of Nemelex Xobeh.
  1044 | D:2      | HP: 2/42 [poisoned by an adder]
  1047 | D:2      | Reached skill level 5 in Unarmed Combat
  1047 | D:2      | Reached XP level 4. HP: 2/35 MP: 3/7
  1050 | D:2      | HP: 1/52 [poisoned by an adder]
  1052 | D:2      | Succumbed to an adder's poison

Skill      XL: |  1  2  3 |
---------------+----------+-----
Unarmed Combat | 4 5 |  5.0
Fighting       | |  1.1
Dodging        | |  1.7
Spellcasting   | |  2.0
Transmutations | |  2.0

Action                   |  1- 3 |  4- 6 || total
-------------------------+-------+-------++-------
Melee: Unarmed           |   152 |       ||   152
       Tailslap          |    14 |       ||    14
       Kick              |     6 |       ||     6
       Headbutt          |     7 |       ||     7
       Punch             |     1 |       ||     1
 Cast: Beastly Appendage |    27 |       ||    27
       Sticks to Snakes  |     3 |       ||     3
  Use: Potion            |     1 |       ||     1
 Stab: Sleeping          |     1 |       ||     1
  Eat: Chunk             |     1 |       ||     1
Armor: Skin              |    55 |       ||    55
Dodge: Dodged            |    97 |       ||    97
